 Dungeon Crawl Stone Soup version 0.31-a0-851-g7ff8af7976 (webtiles) character file.

Game seed: 8272034934166295651

522 AiryTheDragon the Magician (level 7, -6/48 HPs)
             Began as a Demonspawn Hedge Wizard on Oct 7, 2023.
             Mangled by a killer bee (7 damage)
             ... on level 4 of the Dungeon.
             The game lasted 00:44:52 (4635 turns).

AiryTheDragon the Magician (DsHW)                   Turns: 4635, Time: 00:44:56

Health: -6/48      AC:  6    Str: 10    XL:     7   Next: 2%
Magic:  0/13       EV: 10    Int: 17    God:
Gold:   157        SH:  4    Dex: 13    Spells: 6/14 levels left

rFire   . . .        p - +2 dagger (venom)
rCold   . . .        (no shield)
rNeg    . . .        h - +0 ring mail
rPois   .            E - +0 helmet
rElec   .            (no cloak)
rCorr   .            (no gloves)
SInv    .            (no boots)
Will    .....        r - amulet of guardian spirit
Stlth   +            (no ring)
HPRegen 0.28/turn    (no ring)
MPRegen 0.13/turn

%: guardian spirit
@: very slightly contaminated, invisible
A: hooves 1, large bone plates 1, ignite blood 2, screaming 1, teleportitis 1,
MP-powered wands
a: no special abilities


You were on level 4 of the Dungeon.
You visited 1 branch of the dungeon, and saw 5 of its levels.

You collected 157 gold pieces.

Inventory:

Hand Weapons
 k - a +0 hand axe
 p - a +2 dagger of venom (weapon)
 s - a +1 dagger of draining
 u - a +0 spear
 A - a +0 sling
Missiles
 x - 3 atropa-tipped darts
Armour
 b - a +0 robe
 h - a +0 ring mail (worn)
 i - a +0 barding
 E - a +0 helmet (worn)
Jewellery
 g - an amulet of faith
 r - an amulet of guardian spirit (around neck)
Wands
 e - a wand of polymorph (7)
 l - a wand of quicksilver (13)
Scrolls
 j - 2 scrolls of poison
 m - a scroll of identify
 q - 3 scrolls of fog
 B - a scroll of fear {unknown}
 C - a scroll of teleportation {unknown}
Potions
 a - a potion of ambrosia
 c - a potion of enlightenment
 d - a potion of magic
 o - a potion of lignification
 t - a potion of attraction {unknown}
 w - a potion of heal wounds {unknown}
 D - a potion of brilliance {unknown}


   Skills:
 + Level 1.5 Fighting
 + Level 1.3 Short Blades
 + Level 2.5 Armour
 + Level 2.4 Dodging
 + Level 2.2 Stealth
 + Level 1.7 Shields
 + Level 4.2 Spellcasting
 + Level 2.2 Conjurations
 * Level 2.9 Summonings
 + Level 0.8 Translocations
 * Level 0.3 Air Magic
 * Level 0.6 Poison Magic
 * Level 0.6 Evocations


You had 6 spell levels left.
You knew the following spells:

 Your Spells              Type           Power      Damage    Failure   Level
a - Magic Dart            Conj           44%        1d5       16%         1
b - Call Imp              Summ           26%        N/A       17%         2
c - Blink                 Tloc           12%        N/A       38%         2
d - Mephitic Cloud        Conj/Pois/Air  7%         N/A       58%         3

Your spell library contained the following spells:

 Spells                   Type           Power      Damage    Failure   Level
 Slow                     Hex            12%        N/A       36%         1
 Cigotuvi's Dreadful Rot  Necr/Pois/Air  8%         N/A       45%         2
 Sublimation of Blood     Necr           3%         N/A       50%         2
 Wereblood                Tmut           3%         N/A       50%         2
 Gell's Gravitas          Tloc           6%         N/A       63%         3
 Teleport Other           Tloc           6%         N/A       63%         3
 Summon Lightning Spire   Summ/Air       9%         N/A       88%         4
 Animate Armour           Summ/Erth      16%        N/A       90%         4
 Lee's Rapid Deconstruct  Erth           1%         3d4*      100%        5
 Dispersal                Tloc           3%         N/A       100%        6
 Summon Hydra             Summ           6%         N/A       100%        7


Dungeon Overview and Level Annotations

Branches:
Dungeon (5/15)
 Temple: D:4-7

Altars:
Kikubaaqudgha
Okawaru


Innate Abilities, Weirdness & Mutations

You have large cloven feet.
You are partially covered in large bone plates. (SH +4)
Your demonic aura often causes spilled blood to erupt in flames.
You occasionally shout uncontrollably at your foes.
You are occasionally teleported next to monsters.
You expend magic power (3 MP) to strengthen your wands.


Message History

You miscast Blink.
Nothing appears to happen.
You block the killer bee's attack. The killer bee barely misses you.
The killer bee stings you.
The killer bee stings you but does no damage.
The killer bee closely misses you. The killer bee stings you.
You are poisoned.
The killer bee poisons you!
Casting: Blink (dangerous; 38% risk of failure)
Confirm with . or Enter, or press ? or * to list all spells.
You don't have enough magic to cast this spell.
You feel better. The killer bee barely misses you. x2
The killer bee stings you. The killer bee barely misses you.
You block the killer bee's attack. x2
It was a potion of invisibility.
You fade into invisibility!
The killer bee stings you but does no damage.
You block the killer bee's attack. The killer bee stings you.
You are poisoned.
The killer bee poisons you! The killer bee stings you. x2
* * * LOW HITPOINT WARNING * * *
You are more poisoned.
The killer bee poisons you! The killer bee stings you.
* * * LOW HITPOINT WARNING * * *
You feel better. The killer bee stings you.
* * * LOW HITPOINT WARNING * * *
The killer bee stings you.
* * * LOW HITPOINT WARNING * * *
The killer bee stings you.
* * * LOW HITPOINT WARNING * * *
The killer bee barely misses you.
The killer bee stings you but does no damage.
The killer bee barely misses you.
Okay, then.
As you read the scroll labelled YFEANGE HEE, it crumbles to dust.
The creatures around you are filled with an inner flame!
It was a scroll of immolation.
The killer bee stings you.
* * * LOW HITPOINT WARNING * * *
The killer bee barely misses you. x2; The killer bee closely misses you.
The killer bee stings you!
You die...

##### ##....#.#
#.##.....###
....#####.##.#.#
#.##.###.#
....##....##.#.#
#....# #.#
###.##.##......#####
####.# #.#
.......##..........#
#.....#
.##†######.#.#.###.#
####### ....#
##.#.#.###.####
....#
#....#.#yy....#
....#
###..###.#@#.##.#
.##.#
#..<..##.#y#....#
..#.#
#........#.###..#
..#.#
#.....####......#
....# #.....#
#.......# ....#
#.....# #.#####.#
....# ####### #.#
##..# ##.## #.#
#.#.#
#.############.#
##..#


You could see 3 killer bees.

Vanquished Creatures
  A black bear (D:4)
  A scorpion (D:5)
  2 hounds (D:4)
  An iguana (D:4)
  Jessica (D:2)
  Ijyb (D:3)
  Robin (D:2)
  7 adders
  An ufetubus (D:4)
  A worm (D:3)
  4 dart slugs
  5 orcs
  6 ball pythons
  9 endoplasms
  5 giant cockroaches
  22 goblins
  10 hobgoblins
  2 jackals (D:3)
  7 kobolds
  4 quokkas
  3 bats
  3 frilled lizards
  4 rats
101 creatures vanquished.

Vanquished Creatures (collateral kills)
  3 adders (D:2)
  A dart slug (D:2)
  5 goblins
  2 hobgoblins (D:2)
  A jackal (D:3)
  A kobold (D:4)
13 creatures vanquished.

Grand Total: 114 creatures vanquished

Notes
Turn   | Place    | Note
-------+----------+-------------------------------------------
     0 | D:1      | AiryTheDragon the Demonspawn Hedge Wizard began the quest
                  | for the Orb.
     0 | D:1      | Reached XP level 1. HP: 13/13 MP: 4/4
   395 | D:1      | Gained mutation: Your demonic aura sometimes causes spilled
                  | blood to erupt in flames. [demonic ancestry]
   395 | D:1      | Reached XP level 2. HP: 15/19 MP: 3/6
   481 | D:1      | Learned a level 2 spell: Call Imp
  1127 | D:2      | Gained mutation: Your demonic aura often causes spilled
                  | blood to erupt in flames. [demonic ancestry]
  1127 | D:2      | Reached XP level 3. HP: 24/24 MP: 0/7
  1207 | D:2      | Reached skill level 1 in Fighting
  1354 | D:2      | Noticed Jessica
  1362 | D:2      | Killed Jessica
  1363 | D:2      | Gained mutation: You have large cloven feet. [demonic
                  | ancestry]
  1363 | D:2      | Reached XP level 4. HP: 32/32 MP: 6/9
  1388 | D:2      | Noticed Robin
  1578 | D:3      | Found an ancient bone altar of Kikubaaqudgha.
  1855 | D:3      | Reached skill level 1 in Armour
  1871 | D:3      | Learned a level 2 spell: Blink
  1875 | D:3      | Learned a level 3 spell: Mephitic Cloud
  2271 | D:2      | Gained mutation: You are partially covered in large bone
                  | plates. (SH +4) [demonic ancestry]
  2271 | D:2      | Reached XP level 5. HP: 37/37 MP: 10/10
  2493 | D:2      | Killed Robin
  2613 | D:2      | Gained mutation: You occasionally shout uncontrollably at
                  | your foes. [potion of mutation]
  2613 | D:2      | Gained mutation: You are occasionally teleported next to
                  | monsters. [potion of mutation]
  2613 | D:2      | Gained mutation: You expend magic power (3 MP) to
                  | strengthen your wands. [potion of mutation]
  2936 | D:3      | Found an iron altar of Okawaru.
  2976 | D:3      | Noticed Ijyb
  3003 | D:3      | Killed Ijyb
  3004 | D:3      | Reached skill level 1 in Short Blades
  3268 | D:3      | Reached skill level 4 in Spellcasting
  3762 | D:4      | Reached XP level 6. HP: 41/43 MP: 5/12
  3803 | D:4      | Reached skill level 1 in Shields
  4615 | D:5      | Entered Level 5 of the Dungeon
  4625 | D:5      | Reached XP level 7. HP: 38/48 MP: 6/13
  4635 | D:4      | HP: 1/48 [killer bee (3)]
  4635 | D:4      | Mangled by a killer bee

Illustrated notes

Levels and vault maps discovered:
D:1:      minmay_arrival_floating_metal, layout_basic
D:2:      layout_basic, basic_altar, minmay_fractal_squares_5, uniq_jessica,
          uniq_robin
D:3:      kennysheep_goblin_castle, layout_loops_corners,
          kiku_gazebo_garden_becter, mainiacjoe_overflow_catch_the_wave,
          chequers_mini_garden, minmay_misc_feat_rows, grunt_ministairs_3
D:4:      layout_loops_cross, minmay_quantized
D:5:      layout_rooms, minmay_temple_entry_from_below_a

Skill      XL: |  1  2  3  4  5  6 |
---------------+-------------------+-----
Stealth        | 2 |  2.2
Dodging        | 2 |  2.4
Fighting       | 1 |  1.5
Conjurations   | 2 |  2.2
Armour         | 1 2 |  2.5
Short Blades   | 1 |  1.3
Summonings     | 2 |  2.9
Spellcasting   | 4 |  4.2
Shields        | 1 |  1.7
Translocations | |  0.8
Air Magic      | |  0.3
Poison Magic   | |  0.6
Evocations     | |  0.6

Action                     |  1- 3 |  4- 6 |  7- 9 || total
---------------------------+-------+-------+-------++-------
  Melee: Dagger            |   114 |   203 |       ||   317
         Punch             |     1 |     1 |       ||     2
         Kick              |       |    53 |       ||    53
   Cast: Magic Dart        |    27 |    30 |       ||    57
         Call Imp          |     4 |    18 |       ||    22
         Mephitic Cloud    |       |     2 |       ||     2
    Use: Potion            |     1 |     2 |     3 ||     6
         Scroll            |       |     6 |     1 ||     7
   Stab: Sleeping          |       |     2 |       ||     2
 Armour: Ring mail         |    64 |   137 |    20 ||   221
         Skin              |    16 |       |       ||    16
  Dodge: Dodged            |    57 |   109 |    14 ||   180
  Block: Other             |       |    25 |     7 ||    32

Table legend: (Time is in decaauts)
 A = Elapsed time spent in this place.
 B = Non-inter-level travel time spent in this place.
 C = Inter-level travel time spent in this place.
 D = Time resting spent in this place.
 E = Time spent auto-exploring this place.
 F = Levels seen in this place.
 G = Mean time per level.
                   A        B        C        D        E       F      G
               +--------+--------+--------+--------+--------+-----+--------+
         Total |   4652 |   4265 |    387 |    107 |   3078 |   5 |  930.4 |
       Dungeon |   4652 |   4265 |    387 |    107 |   3078 |   5 |  930.4 |
               +--------+--------+--------+--------+--------+-----+--------+

Top non-repeatable levels by time:
     D:2: 1374 daAuts
     D:3: 1330 daAuts
     D:1: 1162 daAuts
     D:4: 771 daAuts
     D:5: 13 daAuts
